 Dungeon Crawl Stone Soup version 0.30-a0-170-g85af917532 (webtiles) character file.

Game seed: 17921916063016366028

122 Flugkiller the Magician (level 4, 0/32 HPs)
             Began as a Mummy Ice Elementalist on Sept 30, 2022.
             Was a Believer of Makhleb.
             Slain by a water moccasin (5 damage)
             ... on level 6 of the Dungeon.
             The game lasted 00:03:49 (3372 turns).

Flugkiller the Magician (Mummy Ice Elementalist)    Turns: 3372, Time: 00:03:49

Health: 0/32       AC:  2    Str: 11    XL:     4   Next: 78%
Magic:  10/10      EV: 12    Int: 16    God:    Makhleb [**....]
Gold:   136        SH:  0    Dex: 12    Spells: 3/11 levels left

rFire   x . .      SeeInvis .    k - +2 dagger (venom)
rCold   + . .      Faith    +    (no shield)
rNeg    + + +      Spirit   .    a - +0 robe
rPois   ∞          Reflect  .    (no helmet)
rElec   .          Harm     .    (no cloak)
rCorr   .          Rampage  .    (no gloves)
Will    .....                    (no boots)
Stlth   ++........               (no amulet)
HPRegen 0.10/turn                (no ring)
MPRegen 0.12/turn                (no ring)

@: no status effects
A: cold resistance 1, negative energy resistance 3, torment resistance 2, heat
vulnerability 1, in touch with death 1, no potions, faith
a: Renounce Religion, Minor Destruction


You were on level 6 of the Dungeon.
You worshipped Makhleb.
Makhleb was pleased with you.
You visited 1 branch of the dungeon, and saw 4 of its levels.

You collected 136 gold pieces.

Inventory:

Hand Weapons
 d - a +0 mace
   (You found it on level 1 of the Dungeon)
 j - a +0 quarterstaff
   (You found it on level 2 of the Dungeon)
 k - a +2 dagger of venom (weapon)
   (You took it off a kobold on level 2 of the Dungeon)
Missiles
 h - 12 poisoned darts
Armour
 a - a +0 robe (worn)
Jewellery
 f - an amulet of guardian spirit
   (You found it on level 3 of the Dungeon)
Scrolls
 b - a scroll of torment
 z - a scroll of blinking


   Skills:
 - Level 1.0 Fighting
 - Level 1.5 Dodging
 - Level 1.5 Stealth
 + Level 4.3 Spellcasting
 + Level 0.9 Summonings
 + Level 4.2 Ice Magic


You had 3 spell levels left.
You knew the following spells:

 Your Spells              Type           Power      Damage    Failure   Level
a - Freeze                Ice            64%        1d8       3%          1
b - Frozen Ramparts       Ice            32%        1d5       9%          3
c - Summon Ice Beast      Ice/Summ       11%        N/A       50%         4

Your spell library contained the following spells:

 Spells                   Type           Power      Damage    Failure   Level
 Ozocubu's Armour         Ice            16%        N/A       9%          3
 Hailstorm                Conj/Ice       10%        3d5       21%         3


Dungeon Overview and Level Annotations

Branches:
Dungeon (3/15) Zot: 20626

Altars:
Makhleb
Sif Muna


Innate Abilities, Weirdness & Mutations

You are immune to poison.
Your flesh is cold resistant. (rC+)
You are immune to negative energy. (rN+++)
You are immune to unholy pain and torment.
You are vulnerable to heat. (rF-)
You are in touch with the powers of death.
You do not drink.
You have a special connection with the divine. (Faith)


Message History

The endoplasm hits you but does no damage.
You hit the endoplasm.
The endoplasm is poisoned.
The endoplasm is severely wounded.
The endoplasm misses you.
You hit the endoplasm.
You kill the endoplasm!
Makhleb accepts your kill.
No target in view!
No target in view!
No target in view!
No target in view!
No target in view!
No target in view!
No target in view!
You open the door.
There is an open door here.
There is an open door here.
You open the door.
There is an open door here.
Found an escape hatch in the floor.
A quokka comes into view.
The quokka moves out of view.
There is an escape hatch in the floor here.
A quokka is nearby!
The quokka bites you but does no damage.
You hit the quokka but do no damage.
The quokka is poisoned.
The quokka closely misses you. The quokka bites you.
You closely miss the quokka.
The quokka is heavily wounded.
You kill the quokka!
Makhleb accepts your kill.
You feel better.
Found a glowing purple potion.
No target in view!
You open the door.
A bat comes into view.
Found a short sword.
Found an escape hatch in the ceiling.
A bat is nearby!
A bat is nearby!
The bat barely misses you.
There is an open door here.
A sourceless malevolence fills the Dungeon...
You fall into a shaft and drop 3 floors!
The shaft crumbles and collapses.
An ice beast comes into view.
A white imp comes into view.
An ufetubus comes into view.
Found a scroll labelled DAGEZE TUFYWN.
Found a stone staircase leading down.
The ufetubus shouts!
As you read the scroll labelled DAGEZE TUFYWN, it crumbles to dust.
It is a scroll of identify.
b - a scroll of torment;
r - a scroll of identify The ufetubus hits you.
The ufetubus closely misses you.
Unknown command.
Unknown command.
As you read the scroll of identify, it crumbles to dust.
e - a scroll of fear The ufetubus hits you. x2; The ufetubus closely misses you.
The ufetubus barely misses you.
Unknown command.
You hit the ufetubus but do no damage.
The ufetubus is poisoned.
The ufetubus hits you. The ufetubus misses you.
You closely miss the ufetubus. The ufetubus hits you. x2
* * * LOW HITPOINT WARNING * * *
The ufetubus misses you. The ufetubus barely misses you.
Unknown command.
As you read the scroll of fear, it crumbles to dust.
You assume a fearsome visage.
The ufetubus looks frightened!
The ice beast looks frightened!
Unknown command.
You see here a scroll of identify.
r - a scroll of identify
As you read the scroll of identify, it crumbles to dust.
g - a scroll of blinking;
z - a scroll of blinking Unknown command.
There is a stone staircase leading down here.
You start resting.
Makhleb accepts your kill.
You feel better.
You feel a bit more experienced.
You start resting.
An ice beast is nearby!
An orc comes into view. It is wielding a +0 hand axe.
The white imp shouts, "Crawl home, thou gleeking hand-wound nothing!"
You hear an angry hiss.
The white imp attacks as you move away! The white imp closely misses you.
The white imp gestures at you. The puff of frost hits you. You resist.
* * * LOW HITPOINT WARNING * * *
A water moccasin comes into view.
The water moccasin moves out of view.
Found a shimmering blue altar of Sif Muna.
The white imp gestures at you. The puff of frost hits you. You resist.
* * * LOW HITPOINT WARNING * * *
As you read the scroll labelled APAMA NANKOW, it crumbles to dust.
The scroll dissolves into smoke.
It was a scroll of fog.
Unknown command.
Unknown command.
The water moccasin bites you.
You die...

## #. #. ##### #.#
##### ##§§5## #.#
#.... #@§##§##
#.###.#
.§§S§.##§##.#.##.###
.≈§§§§..§.§.###5..Y..
.≈≈≈○§.##.##Y#.######
○≈§_§..#.####.....>..
.≈≈≈≈≈..# #########
.≈≈≈≈≈.. ..§..## ###


You could see a water moccasin.

Vanquished Creatures
  An adder (D:2)
  3 gnolls (D:2)
  An ufetubus (D:6)
  A worm (D:2)
  3 dart slugs
  7 ball pythons
  11 bats
  5 endoplasms
  3 goblins
  11 hobgoblins
  7 kobolds
  4 quokkas
  2 frilled lizards (D:1)
  9 rats
68 creatures vanquished.

Notes
Turn   | Place    | Note
-------+----------+-------------------------------------------
     0 | D:1      | Flugkiller the Mummy Ice Elementalist began the quest for
                  | the Orb.
     0 | D:1      | Reached XP level 1. HP: 13/13 MP: 4/4
   293 | D:1      | Found a faded altar of an unknown god.
   298 | D:1      | Reached XP level 2. HP: 19/20 MP: 3/6
   311 | D:1      | Prayed at the altar of an unknown god.
   311 | D:1      | Became a worshipper of Makhleb the Destroyer
   311 | D:1      | Reached * piety under Makhleb
   876 | D:1      | Reached skill level 1 in Fighting
  1236 | D:1      | Gained mutation: You are in touch with the powers of death.
                  | [Mummy growth]
  1236 | D:1      | Reached XP level 3. HP: 15/26 MP: 6/8
  1369 | D:1      | Learned a level 3 spell: Frozen Ramparts
  1729 | D:2      | Reached ** piety under Makhleb
  2010 | D:2      | Reached XP level 4. HP: 32/32 MP: 5/10
  2061 | D:2      | Learned a level 4 spell: Summon Ice Beast
  2965 | D:3      | Found a burning altar of Makhleb.
  3317 | D:3      | You fall into a shaft and drop 3 floors!
  3320 | D:6      | Noticed an ice beast
  3364 | D:6      | Noticed a water moccasin
  3365 | D:6      | Found a shimmering blue altar of Sif Muna.
  3372 | D:6      | Slain by a water moccasin

Illustrated notes

Levels and vault maps discovered:
D:1:      minmay_arrival_glassed_features, layout_basic,
          chequers_ecumenical_altar_simple_redux, minmay_hedge_maze
D:2:      wad_river_or_something, layout_basic, st_stairs_1
D:3:      layout_loops_corners, nicolae_overflow_hallway_of_the_gods,
          bloody_makhleb, kennysheep_donut, minmay_misc_feat_rugged
D:6:      layout_loops_ring, nicolae_sif_muna_condensation,
          nicolae_ashenzari_panopticon, lemuel_temple_firewalk_b

Skill      XL: |  1  2  3 |
---------------+----------+-----
Spellcasting   | 3 4 |  4.3
Fighting       | 1 |  1.0
Ice Magic      | 4 |  4.2
Dodging        | |  1.5
Stealth        | |  1.5
Summonings     | |  0.9

Action                   |  1- 3 |  4- 6 || total
-------------------------+-------+-------++-------
Melee: Dagger            |    76 |    30 ||   106
       Unarmed           |     1 |       ||     1
 Cast: Freeze            |    48 |    13 ||    61
       Frozen Ramparts   |       |     3 ||     3
  Use: Scroll            |       |     5 ||     5
 Stab: Sleeping          |     5 |     2 ||     7
Armor: Robe              |    26 |     6 ||    32
Dodge: Dodged            |    83 |    30 ||   113

Table legend: (Time is in decaauts)
 A = Elapsed time spent in this place.
 B = Non-inter-level travel time spent in this place.
 C = Inter-level travel time spent in this place.
 D = Time resting spent in this place.
 E = Time spent auto-exploring this place.
 F = Levels seen in this place.
 G = Mean time per level.
                   A        B        C        D        E       F      G
               +--------+--------+--------+--------+--------+-----+--------+
         Total |   3372 |   3214 |    158 |   1052 |   1567 |   4 |  843.0 |
       Dungeon |   3372 |   3214 |    158 |   1052 |   1567 |   4 |  843.0 |
               +--------+--------+--------+--------+--------+-----+--------+

Top non-repeatable levels by time:
     D:1: 1679 daAuts
     D:2: 1214 daAuts
     D:3: 424 daAuts
     D:6: 54 daAuts
